AoeStats
← LordEryn

Fortress

509030775Analyzed
4v4 RM · 7d ago on Sep 25, 2026· 38m 12s· 8 players
Game mode
Random Map
Map size
Huge
Population
200
Speed
Normal
Resources
Standard
Victory
Conquest
Starting age
Dark Age
Ending age
Imperial Age
RankedLock teamsTeams togetherTeam positionsShared explorationLock speedFull tech treeHidden civsTurbo modeCheats
Victory
Defeat
🇹🇼 Burgundians · Taiwan
1107
+15
🇺🇸 Spanish · United States
1085
+16
🇺🇸 Huns · United States
1069
+17
🇹🇼 Turks · Taiwan
1068
+17
🇵🇪 Teutons · Peru
1135
-19
🇨🇳 Khmer · China
1117
-19
🇮🇳 Bulgarians · India
1092
-16
🇩🇪 Danes · Germany
998
-13
SwedenBirdieSkaggs236
1:45 Loom
9:17 Feudal Age
10:35 Double-Bit Axe
10:30 Horse Collar
13:27 Castle Age
15:14 Forging
15:10 Scale Barding Armor
15:44 Gold Mining
20:22 Marauders
22:53 Iron Casting
23:02 Husbandry
23:13 Bloodlines
23:58 Chain Barding Armor
31:31 Imperial Age
erik_k900
0:31 Loom
8:25 Feudal Age
12:50 Castle Age
25:25 Imperial Age
24:42 Wheelbarrow
32:23 Pikeman
bubu09
7:51 Feudal Age
6:49 Double-Bit Axe
12:19 Castle Age
12:52 Bow Saw
13:48 Husbandry
14:11 Gold Mining
14:02 Cavalier
20:17 Wheelbarrow
24:01 Loom
25:34 Forging
26:03 Scale Barding Armor
29:13 Iron Casting
30:08 Chain Barding Armor
30:33 Burgundian Vineyards
32:27 Horse Collar
37:29 Imperial Age
37:52 Paladin
39:41 Blast Furnace
Amby
9:11 Feudal Age
13:45 Castle Age
12:08 Double-Bit Axe
17:57 Imperial Age
16:24 Horse Collar
17:31 Bow Saw
20:06 Wheelbarrow
LordEryn
6:15 Feudal Age
6:47 Double-Bit Axe
6:59 Gold Mining
7:59 Wheelbarrow
7:11 Horse Collar
16:25 Castle Age
19:10 Gold Shaft Mining
18:49 Bow Saw
18:42 Heavy Plow
19:32 Gambesons
19:48 Squires
19:34 Arson
20:01 Forging
21:04 Iron Casting
20:31 Scale Mail Armor
21:18 Man-at-Arms
22:29 Chain Mail Armor
22:43 Long Swordsman
24:59 Hand Cart
25:06 Hamask
27:13 Loom
31:55 Imperial Age
Raj
7:13 Feudal Age
11:12 Castle Age
9:23 Double-Bit Axe
10:20 Scale Mail Armor
11:06 Horse Collar
13:21 Chain Mail Armor
13:31 Chain Mail Armor
15:06 Forging
17:42 Iron Casting
18:10 Gambesons
18:26 Squires
20:32 Loom
26:34 Wheelbarrow
Bandido
8:45 Feudal Age
8:03 Loom
10:40 Fletching
10:50 Padded Archer Armor
11:34 Double-Bit Axe
14:20 Scale Mail Armor
16:48 Gold Mining
24:20 Castle Age
22:43 Bloodlines
22:45 Forging
22:43 Scale Barding Armor
25:19 Wheelbarrow
24:39 Stone Mining
28:35 Iron Casting
33:11 Hand Cart
35:53 Town Watch
36:32 Chain Barding Armor
37:40 Bow Saw
jyq1234567891011
8:47 Feudal Age
10:40 Stone Mining
10:34 Horse Collar
12:47 Double-Bit Axe
18:34 Castle Age
16:36 Gold Mining
19:15 Forging
19:06 Scale Mail Armor
20:46 Bow Saw
21:58 Gold Shaft Mining
23:43 Iron Casting
30:52 Imperial Age
32:35 Elite Battle Elephant
34:33 Tusk Swords
Connection lost

Rejoining the realm…

Still unreachable

The connection could not be restored.

Session expired

The server has moved on; the page needs a fresh start.